 Dungeon Crawl Stone Soup version 0.25.1-2-g60ff931df9 (webtiles) character file.

Game seed: 10581565073990464877

5937 Elvor the Basher (level 10, -10/61 HPs)
             Began as a Gargoyle Fighter on Sept 17, 2020.
             Was a Priest of Okawaru.
             Mangled by an orc knight
             ... wielding a +0 glaive
              (28 damage)
             ... in a bailey.
             The game lasted 01:20:04 (7772 turns).

Elvor the Basher (Gargoyle Fighter)                 Turns: 7772, Time: 01:20:04

Health: -10/61     AC: 22    Str: 21    XL:     10   Next: 83%
Magic:  19/19      EV:  5    Int: 10    God:    Okawaru [***...]
Gold:   525        SH: 17    Dex: 17    Spells: 8/9 levels left

rFire    . . .     SeeInvis .   a - +0 flail
rCold    + . .     Gourm    .   c - +0 kite shield
rNeg     + . .     Faith    .   M - +0 plate armour
rPois    ∞         Spirit   .   (no helmet)
rElec    +         Reflect  +   t - +0 cloak
rCorr    +         Harm     .   B - +0 pair of gloves
MR       .....                  (no boots)
Stlth    ..........             x - amulet of reflection
HPRegen  0.20/turn              Q - ring "Vuudomif" {*Slow rC+ MP+9 Dex+7}
MPRegen  0.16/turn              F - ring of resist corrosion

@: no status effects
A: negative energy resistance 1, electricity resistance, unbreathing,
petrification resistance, rot immunity, AC +7
a: Heroism, Renounce Religion


You were in a bailey.
You worshipped Okawaru.
Okawaru was most pleased with you.
You were not hungry.

You visited 2 branches of the dungeon, and saw 9 of its levels.
You also visited: Bailey.

You collected 525 gold pieces.

Inventory:

Hand Weapons
 a - a +0 flail (weapon)
 G - a +2 vorpal mace
Missiles
 q - 5 boomerangs (quivered)
 y - 6 javelins
Armour
 c - a +0 kite shield (worn)
 t - a +0 cloak (worn)
 B - a +0 pair of gloves (worn)
 M - a +0 plate armour (worn)
Jewellery
 i - an uncursed ring of protection from fire
 n - an uncursed amulet of the acrobat
 x - an amulet of reflection (around neck)
 F - a ring of resist corrosion (right hand)
 Q - the ring "Vuudomif" (left hand) {*Slow rC+ MP+9 Dex+7}
   (You found it on level 7 of the Dungeon)

   [ring of protection from cold]

   It affects your dexterity (+7).
   It protects you from cold.
   It affects your magic capacity (+9).
   It may slow you when you take damage.
 R - an uncursed amulet of magic regeneration
Wands
 d - a wand of random effects (14)
 L - a wand of polymorph (6)
 N - a wand of enslavement (9)
Scrolls
 e - 3 scrolls of teleportation
 g - a scroll of enchant armour {unknown}
 j - 3 scrolls of remove curse
 r - 2 scrolls of magic mapping
 s - 2 scrolls of enchant weapon {unknown}
 v - a scroll of blinking {unknown}
 C - 2 scrolls of fear {unknown}
 E - 2 scrolls of amnesia {unknown}
 I - a scroll of random uselessness {unknown}
 J - a scroll of fog {unknown}
 S - a scroll of noise {unknown}
Potions
 b - a potion of heal wounds
 h - 3 potions of stabbing
 k - a potion of ambrosia {unknown}
 l - 3 potions of curing
 m - 2 potions of lignification
 o - 2 potions of resistance {unknown}
 u - 4 potions of brilliance
 w - 2 potions of invisibility
 z - a potion of degeneration {unknown}
 A - a potion of haste {unknown}
 D - a potion of mutation {unknown}
 K - a potion of flight {unknown}
 O - a potion of cancellation {unknown}
Comestibles
 f - 14 rations
 H - 6 chunks of flesh


   Skills:
 + Level 6.5 Fighting
 * Level 11.8 Maces & Flails
 + Level 2.4 Throwing
 + Level 5.8 Armour
 + Level 1.0 Dodging
 - Level 0.5 Stealth
 + Level 8.8 Shields
 + Level 0.5 Evocations


You had 8 spell levels left.
You knew the following spells:

 Your Spells              Type           Power        Failure   Level  Hunger
a - Apportation           Tloc           #.....       100%        1    ##.....

Your spell library contained the following spells:

 Spells                   Type           Power        Failure   Level  Hunger
 Animate Skeleton         Necr           N/A          100%        1    ##.....
 Beastly Appendage        Tmut           #.....       100%        1    ##.....
 Corona                   Hex            #......      100%        1    ##.....
 Summon Small Mammal      Summ           #...         100%        1    ##.....
 Sticks to Snakes         Tmut           #.......     100%        2    ###....
 Spider Form              Tmut/Pois      #.........   100%        3    ####...
 Ice Form                 Ice/Tmut       #.......     100%        4    #####..
 Blade Hands              Tmut           #.........   100%        5    ######.


Dungeon Overview and Level Annotations

Branches:
Dungeon (8/15)             Temple (1/1) D:4          Bailey (1/1)
   Lair: D:8-11

Altars:
Ashenzari
Cheibriados
Dithmenos
Elyvilon
Fedhas
Gozag
Hepliaklqana
Kikubaaqudgha
Makhleb
Nemelex Xobeh
Okawaru
Qazlal
Ru
Sif Muna
Trog
Uskayaw
Vehumet
Wu Jian
Xom
Yredelemnul
Zin
The Shining One

Shops:
D:4 }(:   D:5 *


Innate Abilities, Weirdness & Mutations

You are resistant to torment.
Your stone body is resilient. (AC +7)
You are immune to poison.
You resist negative energy. (rN+)
You are resistant to electric shocks. (rElec)
You can survive without breathing.
You are immune to petrification.
You are immune to rotting.


Message History

You block the orc's attack.
You hit the orc knight.
The orc knight is severely wounded.
You feel like a meek peon again. You block the orc knight's attack.
You closely miss the orc knight.
The orc knight is severely wounded.
You thump the orc knight!
The orc knight is severely wounded.
You block the orc knight's attack.
You closely miss the orc knight.
The orc knight is severely wounded.
You block the orc warrior's attack. You block the orc knight's attack.
Your shield and plate armour prevent you from hitting the orc knight.
The orc knight is severely wounded.
You block the orc warrior's attack.
You hit the orc knight but do no damage.
The orc knight is severely wounded.
The orc knight hits you with a +0 glaive!!
You die...

### ###### ##∩##
### ##.....##.@.#
....
#..≈≈≈..#)o.#..≈≈≈
#.≈≈.≈≈.)...oo≈≈)≈≈
+.≈.∩)≈.......≈o∩.≈
#.≈≈.≈≈.......≈≈)≈≈
#..≈≈≈..#...#..≈≈≈.
##.....##...##.....
###### ##∩## #####
###


You could see 2 orc knights, an orc warrior (strong) and an orc (strong).

Vanquished Creatures
  A two-headed ogre (D:7)
  An orc knight (Bailey)
  2 hippogriffs (D:7)
  Grinder (D:6)
  Sigmund (D:6)
  4 yaks (D:7)
  3 hogs (D:7)
  A human (D:7)
  Menkaure (D:6)
  A water moccasin (D:7)
  6 orc warriors
  A black bear (D:7)
  4 ogres
  4 centaurs
  3 big kobolds (D:6)
  3 bullfrogs
  A scorpion (D:5)
  3 killer bees (D:7)
  8 wights (D:6)
  A centaur zombie (D:7)
  2 crimson imps
  2 orc priests
  2 bullfrog skeletons (D:4)
  2 iguanas
  4 worker ants
  4 gnolls (D:3)
  11 adders
  An ooze (D:2)
  2 worms
  A dart slug (D:2)
  7 leopard geckos
  21 orcs
  9 bats
  4 giant cockroaches
  7 goblins
  8 hobgoblins
  18 jackals
  18 kobolds
  3 quokkas
  2 ball pythons
  5 frilled lizards
  A jackal skeleton (D:5)
  A leopard gecko skeleton (D:3)
  9 rats
194 creatures vanquished.

Notes
Turn   | Place    | Note
-------+----------+-------------------------------------------
     0 | D:1      | Elvor the Gargoyle Fighter began the quest for the Orb.
     0 | D:1      | Reached XP level 1. HP: 14/14 MP: 1/1
   278 | D:1      | Reached XP level 2. HP: 18/19 MP: 2/2
   596 | D:1      | Reached XP level 3. HP: 23/23 MP: 3/3
   625 | D:1      | Reached skill level 3 in Maces & Flails
  1108 | D:2      | Reached XP level 4. HP: 14/28 MP: 4/4
  1397 | D:2      | Reached skill level 4 in Maces & Flails
  1403 | D:2      | Learned a level 1 spell: Apportation
  1655 | D:3      | Reached XP level 5. HP: 32/33 MP: 5/5
  2275 | D:3      | Reached skill level 5 in Maces & Flails
  2754 | D:4      | Found Ihapt's Gadget Emporium.
  2864 | D:4      | Found a staircase to the Ecumenical Temple.
  2879 | D:4      | Found an ornate altar of the Wu Jian Council.
  2881 | Temple   | Entered the Ecumenical Temple
  2955 | D:4      | Reached XP level 6. HP: 34/38 MP: 6/6
  3154 | D:4      | Found Xiufim's Weapon Shop.
  3230 | D:4      | Found a glowing silver altar of Zin.
  3244 | D:4      | Found Ilofats's Book Emporium.
  3611 | D:5      | Entered Level 5 of the Dungeon
  3646 | D:5      | Reached skill level 6 in Maces & Flails
  3646 | D:5      | Reached XP level 7. HP: 32/42 MP: 7/7
  3665 | D:5      | Found Juutago's Lightly-Used Armoury.
  4027 | D:5      | Reached skill level 7 in Maces & Flails
  4236 | D:5      | Found a radiant altar of Vehumet.
  4538 | D:5      | Reached XP level 8. HP: 9/48 MP: 8/8
  4875 | D:6      | Reached skill level 8 in Maces & Flails
  4972 | D:6      | Reached skill level 5 in Shields
  5065 | D:6      | Noticed Menkaure
  5109 | D:6      | Killed Menkaure
  5141 | D:6      | Found a burning altar of Makhleb.
  5142 | D:6      | Found a shimmering altar of Xom.
  5465 | D:6      | Reached skill level 9 in Maces & Flails
  5487 | D:6      | Reached skill level 5 in Fighting
  5502 | D:6      | Noticed Grinder
  5516 | D:6      | Reached XP level 9. HP: 54/54 MP: 9/9
  6034 | D:6      | Noticed Sigmund
  6040 | D:6      | Killed Sigmund
  6097 | D:6      | Killed Grinder
  6097 | D:6      | Reached skill level 1 in Dodging
  6099 | D:6      | Found an iron altar of Okawaru.
  6109 | D:6      | Became a worshipper of Warmaster Okawaru
  6285 | D:7      | Reached skill level 1 in Throwing
  6431 | D:7      | Found an opulent altar of Gozag.
  6638 | D:7      | Reached skill level 10 in Maces & Flails
  6790 | D:7      | Reached * piety under Okawaru
  6822 | D:7      | Reached skill level 5 in Armour
  6862 | D:7      | Got a bound amber ring
  6864 | D:7      | Identified the ring "Vuudomif" {*Slow rC+ MP+9 Dex+7} (You
                  | found it on level 7 of the Dungeon)
  6984 | D:7      | Reached XP level 10. HP: 52/60 MP: 10/10
  7273 | D:7      | Reached ** piety under Okawaru
  7273 | D:7      | Reached skill level 11 in Maces & Flails
  7493 | D:8      | Noticed a two-headed ogre
  7512 | D:7      | Killed a two-headed ogre
  7641 | D:8      | Found a flagged portal.
  7648 | Bailey   | Entered a bailey
  7648 | Bailey   | Noticed an orc knight
  7665 | Bailey   | Noticed an orc knight
  7680 | Bailey   | Reached *** piety under Okawaru
  7748 | Bailey   | Killed an orc knight
  7754 | Bailey   | Noticed an orc knight
  7762 | Bailey   | HP: 1/61 [orc knight/+0 glaive (23)]
  7772 | Bailey   | Mangled by an orc knight

Illustrated notes

Levels and vault maps discovered:
D:1:      dpeg_arrival_rooms_c, layout_basic, minmay_three_crescents
D:2:      layout_basic, minmay_close_crescents
D:3:      cheibrodos_old_hovel, layout_loops_corners, first_ration,
          hangedman_decor_growths, minmay_goblin_kobold_house
D:4:      layout_basic, kennysheep_little_box, kennysheep_mini_moat,
          temple_statues, serial_forest, infiniplex_forest_lined_2,
          infiniplex_forest_clump_double, infiniplex_forest_lined_4_way,
          infiniplex_forest_lined_3, infiniplex_forest_clump_long,
          infiniplex_forest_clump_diagonal, infiniplex_forest_clump_medium,
          infiniplex_forest_lined_4_way, serial_shops, shop, shop_fountains,
          shop_coins, kennysheep_generic_room_10
D:5:      layout_basic, nicolae_overflow_crystal_walls, minmay_shop_damaged
D:6:      layout_loops_ring, grunt_temple_overflow_champion_of_chaos,
          okawaru_trees_1, roderic_lattice_a, uniq_menkaure, uniq_sigmund,
          uniq_grinder
D:7:      minmay_chambers_of_fours, layout_loops_corners,
          nicolae_gozag_cash_rules_everything_around_me, grunt_livestock,
          dk_vineyard_2
D:8:      layout_basic, enter_bailey_3, kennysheep_cluttered_room,
          minmay_nine_imps
Temple:   eino_wide_crystal_templ
Bailey:   bailey_polearm_4, bailey

Skill      XL: |  1  2  3  4  5  6  7  8  9 10 |
---------------+-------------------------------+-----
Maces & Flails | 3 4 5 6 7 9 10 11 | 11.8
Shields        | 4 6 7 8 |  8.8
Armour         | 4 5 |  5.8
Fighting       | 4 5 6 |  6.5
Dodging        | 1 |  1.0
Throwing       | 1 2 |  2.4
Stealth        | |  0.5
Evocations     | |  0.5

Action                   |  1- 3 |  4- 6 |  7- 9 | 10-12 || total
-------------------------+-------+-------+-------+-------++-------
Melee: Flail             |   151 |   274 |   516 |   117 ||  1058
Throw: Boomerang         |     1 |     7 |    19 |    66 ||    93
       Dart              |       |       |       |     3 ||     3
Invok: Heroism           |       |       |       |     3 ||     3
Evoke: Wand              |       |       |       |    11 ||    11
  Use: Scroll            |       |       |     9 |     2 ||    11
       Potion            |       |       |     3 |     1 ||     4
 Stab: Invisible         |       |       |     2 |       ||     2
  Eat: Chunk             |     1 |     6 |     7 |     2 ||    16
       Ration            |       |     1 |     1 |     1 ||     3
Armor: Scale mail        |    81 |    90 |       |       ||   171
       Chain mail        |       |    28 |    38 |       ||    66
       Plate armour      |       |       |   154 |    42 ||   196
Dodge: Dodged            |    50 |    63 |    50 |    24 ||   187
Block: Kite shield       |    69 |   173 |   372 |    95 ||   709
       Reflection        |       |     4 |     9 |     4 ||    17
